 Dungeon Crawl Stone Soup version 0.20-a0-454-g2b43fbb (webtiles) character file.

135 HarleyQuinn the Chopper (level 4, 0/37 HPs)
             Began as a Minotaur Gladiator on Jan 9, 2017.
             Succumbed to Crazy Yiuf's poison
             ... on level 2 of the Dungeon.
             The game lasted 00:01:49 (3739 turns).

HarleyQuinn the Chopper (Minotaur Gladiator)        Turns: 3739, Time: 00:01:49

Health: 0/37       AC:  3    Str: 19    XL:     4   Next: 96%
Magic:  3/3        EV: 12    Int:  5    God:
Gold:   90         SH:  5    Dex: 12    Spells: 3/3 levels left

rFire  . . .     SeeInvis .     a - +0 war axe
rCold  . . .     Gourm    .     b - +0 leather armour
rNeg   . . .     Faith    .     g - +2 buckler
rPois  .         Spirit   .     c - +0 hat
rElec  .         Reflect  .     (no cloak)
rCorr  .         Harm     .     (no gloves)
MR     .....                    (no boots)
Stlth  +.........               (no amulet)
                                (no ring)
                                (no ring)

@: lethally poisoned (0 -> -16), drained
A: retaliatory headbutt, horns 2
a: no special abilities


You were on level 2 of the Dungeon.
You were not hungry.

You visited 1 branch of the dungeon, and saw 2 of its levels.

You collected 90 gold pieces.

Inventory:

Hand Weapons
 a - a +0 war axe (weapon)
Missiles
 d - 3 throwing nets (quivered)
Armour
 b - a +0 leather armour (worn)
 c - a +0 hat (worn)
 g - a +2 buckler (worn)
Jewellery
 p - a +3 amulet of reflection {unknown}
Scrolls
 h - a scroll of immolation {unknown}
 k - 5 scrolls of remove curse {unknown}
 l - 4 scrolls of fear {unknown}
 n - 2 scrolls of identify {unknown}
 s - a scroll of recharging {unknown}
Potions
 e - a potion of beneficial mutation {unknown}
 i - a potion of might {unknown}
 j - a potion of ambrosia {unknown}
 m - 2 potions of mutation {unknown}
 o - 2 potions of curing {unknown}
 q - a potion of magic {unknown}
Comestibles
 f - 3 bread rations
 r - a chunk of flesh


   Skills:
 - Level 2.4(2.0) Fighting
 + Level 6.9(6.5) Axes
 - Level 2.0(1.6) Throwing
 - Level 3.2(2.9) Dodging


You had 3 spell levels left.
You didn't know any spells.

Dungeon Overview and Level Annotations

Branches:
Dungeon (2/15)

Altars:

Annotations:
D:2 Crazy Yiuf


Innate Abilities, Weirdness & Mutations

You reflexively headbutt those who attack you in melee.
You have a pair of horns on your head.


Message History

You are poisoned.
You hit Crazy Yiuf but do no damage.
Crazy Yiuf is lightly wounded.
You feel sick.
Crazy Yiuf laughs, "Cards broken verde!"
Crazy Yiuf hits you with a quarterstaff of chaos!
You are lethally poisoned!
You hit Crazy Yiuf. You headbutt Crazy Yiuf.
Crazy Yiuf is heavily wounded.
You feel sick. Crazy Yiuf barely misses you. You furiously retaliate!
You headbutt Crazy Yiuf, but do no damage.
You hit Crazy Yiuf but do no damage.
Crazy Yiuf is heavily wounded.
You feel sick.
Crazy Yiuf hits you with a quarterstaff of chaos!
* * * LOW HITPOINT WARNING * * *
You feel drained.
You slash Crazy Yiuf!
Crazy Yiuf is almost dead.
You die...

.# #.# #..#
#.# .# #(#
#..# #.# .#
#.# #..# ###
.# #.# #..###
.###.###....#
#####
...........##
#..)#
.#########.#
#.).# .# #.#
#)g.# .# #.#
#@# .# #.#
♣♣.♣ .# #.#
♣)♣♣ .# #.#
♣♣)♣ ## #.#
♣.♣♣
#########.##
♣♣)♣♣
#..........#
♣)..♣♣
#.########.#
♣....♣ #.#
#.# #....#


You could see Crazy Yiuf.

Vanquished Creatures
  Ijyb (D:2)
  5 adders
  An ooze (D:2)
  5 worms (D:2)
  3 dart slugs (D:1)
  2 leopard geckos
  4 giant cockroaches
  3 goblins
  4 hobgoblins (D:1)
  2 quokkas (D:2)
  A ball python (D:2)
  5 bats
  4 frilled lizards
  2 kobolds (D:1)
  4 rats
46 creatures vanquished.

Notes
Turn   | Place    | Note
-------+----------+-------------------------------------------
     0 | D:1      | HarleyQuinn the Minotaur Gladiator began the quest for the Orb.
     0 | D:1      | Reached XP level 1. HP: 18/18 MP: 0/0
   702 | D:1      | Reached skill level 4 in Axes
  1183 | D:1      | Reached XP level 2. HP: 25/25 MP: 1/1
  1501 | D:1      | Reached skill level 5 in Axes
  1894 | D:1      | Reached XP level 3. HP: 29/30 MP: 2/2
  2815 | D:2      | Reached XP level 4. HP: 35/37 MP: 3/3
  2844 | D:2      | Noticed Ijyb
  2855 | D:2      | Killed Ijyb
  2855 | D:2      | Reached skill level 6 in Axes
  3728 | D:2      | Found a runed door.
  3732 | D:2      | Noticed Crazy Yiuf
  3739 | D:2      | Succumbed to Crazy Yiuf's poison

Vault maps used:
D:1:      minmay_arrival_hallway, st_stairs_9
D:2:      first_bread, minmay_tetromino_l4, uniq_crazy_yiuf_cottage, uniq_iyjb

Skill      XL: |  1  2  3  4 |
---------------+-------------+-----
Axes           | 4 5 6 |  6.9
Fighting       | |  2.4
Throwing       | |  2.0
Dodging        | |  3.2

Action                   |  1- 3 |  4- 6 || total
-------------------------+-------+-------++-------
Melee: War axe           |    91 |    41 ||   132
       Headbutt          |    10 |     2 ||    12
  Eat: Chunk             |     4 |       ||     4
       Meat ration       |       |     1 ||     1
Armor: Leather armour    |    16 |     6 ||    22
Dodge: Dodged            |    48 |    19 ||    67
Block: Buckler           |    20 |     9 ||    29
